 Dungeon Sprint DCSS version 0.27-a0-1140-g099f9bb0e8 (webtiles) character file.

Game seed: 1240948925631973620

410 Zeld the Fighter (level 6, 0/51 HPs)
             Began as an Octopode Fighter on May 10, 2021.
             Was a Follower of Okawaru.
             Slain by a small abomination (7 damage)
             ... summoned by the player character
             ... in the Dungeon (Sprint VII: "The Pits").
             The game lasted 00:02:46 (1140 turns).

Zeld the Fighter (Octopode Fighter)                 Turns: 1140, Time: 00:02:47

Health: 0/51       AC:  1    Str: 17    XL:     6   Next: 89%
Magic:  6/6        EV: 12    Int: 11    God:    Okawaru [*.....]
Gold:   0          SH: 11    Dex: 11    Spells: 5/5 levels left

rFire    . . .     SeeInvis .   a - +0 war axe
rCold    . . .     Faith    .   b - +0 kite shield
rNeg     . . .     Spirit   .   (helmet restricted)
rPois    .         Reflect  .   (no amulet)
rElec    .         Harm     .   (no ring)
rCorr    .         Rampage  .   (no ring)
Will     .....     NoTele   +   (no ring)
Stlth    ++........             (no ring)
HPRegen  0.17/turn              (no ring)
MPRegen  0.10/turn              (no ring)
                                (no ring)
                                (no ring)

@: on berserk cooldown, slowed, very slow
A: almost no armour, amphibious, 8 rings, camouflage 1, gelatinous body 1,
(nimble swimmer 1), tentacles
a: Renounce Religion, Heroism


You were in the Dungeon.
You worshipped Okawaru.
Okawaru was aware of your devotion.
You visited 1 branch

Inventory:

Hand Weapons
 a - a +0 war axe (weapon)
Armour
 b - a +0 kite shield (worn)
Scrolls
 i - a scroll of blinking
 k - 5 scrolls of amnesia
Potions
 c - a potion of might
 d - 5 potions of curing
 e - 5 potions of heal wounds
 f - a potion of haste
 g - 4 potions of magic
 h - a potion of berserk rage
 j - 2 potions of invisibility


   Skills:
 * Level 8.8 Fighting
 * Level 8.5 Axes
 - Level 3.0 Dodging
 * Level 8.8 Shields


You had 5 spell levels left.
You didn't know any spells.
Your spell library was empty.

Dungeon Overview and Level Annotations

Branches:
Dungeon (1/1)

Altars:
Ashenzari
Cheibriados
Dithmenos
Elyvilon
Fedhas
Gozag
Hepliaklqana
Kikubaaqudgha
Makhleb
Nemelex Xobeh
Okawaru
Qazlal
Ru
Sif Muna
Trog
Uskayaw
Vehumet
Wu Jian
Xom
Yredelemnul
Zin
The Shining One
Beogh
Jiyva
Lugonu


Innate Abilities, Weirdness & Mutations

You cannot wear most types of armour.
You are amphibious.
You can wear up to eight rings at the same time.
Your skin changes colour to match your surroundings (Stealth+).
Your rubbery body absorbs attacks. (AC +1, EV +1)
((You are camouflaged near water. (Stealth+)))
You have tentacles for arms and can constrict up to eight enemies at once.


Message History

Your small abomination hits the gnoll but does no damage.
The gnoll barely misses your small abomination.
Your small abomination hits the gnoll!
The gnoll dies!
Okawaru accepts your kill.
Your small abomination barely misses the orc.
The orc barely misses your small abomination.
Your small abomination barely misses the orc.
The orc hits your small abomination with a +0 flail.
Your small abomination hits the orc!!
The orc dies!
Okawaru accepts your kill.
Your small abomination hits the gnoll!
The gnoll dies!
Okawaru accepts your kill.
Your small abomination easily resists.
An orc wizard appears from thin air!
Reactivating autopickup.
You see here a river rat skeleton.
The orc wizard gestures at you while chanting.
Your small abomination easily resists.
Your small abomination closely misses the orc wizard.
The orc wizard gestures at you while chanting.
Your small abomination appears confused.
The orc wizard gestures at itself while chanting.
The orc wizard flickers and vanishes!
Deactivating autopickup; reactivate with Ctrl-A.
Your small abomination hits something!
Okawaru accepts your kill.
Reactivating autopickup.
You feel a bit more experienced.
You block your small abomination's attack.
You block the gnoll's attack.
Your small abomination hits the gnoll.
You block the gnoll's attack.
Your small abomination hits the gnoll!
The gnoll dies!
Okawaru accepts your kill.
You start resting.
You block your small abomination's attack.
Your small abomination hits you!
You die...

############ #_________.#
#_________.#
#_______...###########++
##########'##...........
#.?(.')))'.##......#..#
##########.##..........
#....))รท@.))'...........
#)#####x#####......#..#.
#.#.....#..##...........
#g#.....#))#####'#####+
#.###)###))##.......#
#{#.....#))##.......#
#g#.....#[[##.......#
#)####)##'###...<...#
#.#........##.......#


You could see a friendly small abomination (summoned, confused).

Vanquished Creatures
  An orc warrior (D)
  A kobold brigand (D)
  A scorpion (D)
  2 orc priests (D)
  A gnoll shaman (D)
  2 orc wizards (D)
  2 gnolls (D)
  A river rat (D)
  5 orcs (D)
  A bat (D)
  A bat zombie (D)
  A hobgoblin (D)
  A kobold (D)
20 creatures vanquished.

Vanquished Creatures (collateral kills)
  An orc wizard (D)
  3 gnolls (D)
  An orc (D)
5 creatures vanquished.

Grand Total: 25 creatures vanquished

Notes
Turn   | Place    | Note
-------+----------+-------------------------------------------
     0 | D        | Zeld the Octopode Fighter began the quest for the Orb.
     0 | D        | Reached XP level 1. HP: 16/16 MP: 1/1
    15 | D        | Found a bloodstained altar of Trog.
    15 | D        | Found a shimmering blue altar of Sif Muna.
    15 | D        | Found a viscous altar of Jiyva.
    15 | D        | Found a hazy altar of Hepliaklqana.
    15 | D        | Found an opulent altar of Gozag.
    16 | D        | Found a glowing golden altar of the Shining One.
    16 | D        | Found a glowing silver altar of Zin.
    16 | D        | Found a basalt altar of Yredelemnul.
    16 | D        | Found a shimmering altar of Xom.
    16 | D        | Found an ornate altar of the Wu Jian Council.
    16 | D        | Found a sacrificial altar of Ru.
    16 | D        | Found a stormy altar of Qazlal.
    16 | D        | Found an iron altar of Okawaru.
    16 | D        | Found a sparkling altar of Nemelex Xobeh.
    16 | D        | Found a burning altar of Makhleb.
    16 | D        | Found a blossoming altar of Fedhas.
    16 | D        | Found a white marble altar of Elyvilon.
    16 | D        | Found a shadowy altar of Dithmenos.
    16 | D        | Found a snail-covered altar of Cheibriados.
    17 | D        | Found a radiant altar of Vehumet.
    17 | D        | Found a corrupted altar of Lugonu.
    18 | D        | Found a hide-covered altar of Uskayaw.
    18 | D        | Found an ancient bone altar of Kikubaaqudgha.
    18 | D        | Found a broken altar of Ashenzari.
    22 | D        | Became a worshipper of Warmaster Okawaru
   422 | D        | Noticed a scorpion
   431 | D        | Reached XP level 2. HP: 2/22 MP: 2/2
   815 | D        | Killed a scorpion
   816 | D        | Reached skill level 5 in Fighting
   816 | D        | Reached skill level 5 in Shields
   816 | D        | Reached XP level 3. HP: 28/29 MP: 3/3
   816 | D        | Reached XP level 4. HP: 34/35 MP: 4/4
   818 | D        | Noticed an orc warrior
   832 | D        | Reached skill level 5 in Axes
   837 | D        | Killed an orc warrior
   838 | D        | Reached XP level 5. HP: 42/42 MP: 5/5
   840 | D        | Reached * piety under Okawaru
  1076 | D        | Noticed a floating eye
  1076 | D        | Noticed a kobold brigand
  1092 | D        | Reached XP level 6. HP: 46/50 MP: 6/6
  1118 | D        | HP: 2/51 [gnoll/+0 flail (12)]
  1140 | D        | Slain by a small abomination

Illustrated notes

Levels and vault maps discovered:
D:        pitsprint [storerooms_1, entrance_room_1, metal_vault_5, armoury_3,
          mini_pit_1, grid_room_1, main_hall_1, silver_pit, the_coven_1,
          the_vestibule_1, steel_vault_5, golden_pit, hallway_of_sentries,
          crystal_vault_4, iron_vault_4, final_vault]

Skill      XL: |  1  2  3  4  5  6 |
---------------+-------------------+-----
Fighting       | 4 5 6 7 8 |  8.8
Axes           | 3 4 6 7 8 |  8.5
Shields        | 4 5 6 7 8 |  8.8
Dodging        | |  3.0

Action                   |  1- 3 |  4- 6 || total
-------------------------+-------+-------++-------
Melee: War axe           |    16 |    42 ||    58
       Constrict         |     3 |     9 ||    12
       Tentacles         |     3 |     8 ||    11
  Use: Potion            |     2 |     2 ||     4
       Scroll            |       |     1 ||     1
 Stab: Sleeping          |     1 |       ||     1
Armor: Skin              |     4 |     1 ||     5
Dodge: Dodged            |    13 |    13 ||    26
Block: Kite shield       |     8 |    25 ||    33

Table legend: (Time is in decaauts)
 A = Elapsed time spent in this place.
 B = Non-inter-level travel time spent in this place.
 C = Inter-level travel time spent in this place.
 D = Time resting spent in this place.
 E = Time spent auto-exploring this place.
 F = Levels seen in this place.
 G = Mean time per level.
                   A        B        C        D        E       F      G
               +--------+--------+--------+--------+--------+-----+--------+
         Total |   1178 |   1178 |      0 |    901 |      0 |   1 | 1178.0 |
       Dungeon |   1178 |   1178 |      0 |    901 |      0 |   1 | 1178.0 |
               +--------+--------+--------+--------+--------+-----+--------+

Top non-repeatable levels by time:
       D: 1178 daAuts
